 Dungeon Crawl Stone Soup version 0.30-a0-585-g93115170b9 (webtiles) character file.

Game seed: 8162999673755164782

7809 bmack86 the Cleaver (level 11, -1/95 HPs)
             Began as a Minotaur Fighter on Jan 2, 2023.
             Was an Elder of Okawaru.
             Slain by a polar bear (17 damage)
             ... on level 9 of the Dungeon.
             The game lasted 00:20:41 (8571 turns).

bmack86 the Cleaver (Minotaur Fighter)              Turns: 8571, Time: 00:20:41

Health: -1/95      AC: 17    Str: 24    XL:     11   Next: 1%
Magic:  13/13      EV:  9    Int:  5    God:    Okawaru [****..]
Gold:   496        SH:  7    Dex: 11    Spells: 10/10 levels left

rFire   + . .      SeeInvis +    v - +1 broad axe
rCold   + . .      Faith    .    c - +0 buckler
rNeg    . . .      Spirit   .    x - +0 plate armour {rF+}
rPois   .          Reflect  .    (helmet restricted)
rElec   .          Harm     .    (no cloak)
rCorr   .          Rampage  .    (no gloves)
Will    .....                    m - +0 pair of boots Stlth
                                 r - amulet of regeneration
HPRegen 1.15/turn                f - ring of protection from cold
MPRegen 0.13/turn                w - ring of see invisible

@: heroic
A: horns 2, retaliatory headbutt
a: Renounce Religion, Heroism, Finesse


You were on level 9 of the Dungeon.
You worshipped Okawaru.
Okawaru was greatly pleased with you.
You visited 2 branches of the dungeon, and saw 11 of its levels.
You also visited: Ossuary.

You collected 496 gold pieces.

Inventory:

Hand Weapons
 a - a +0 war axe
 v - a +1 broad axe (weapon)
Missiles
 k - 18 poisoned darts (quivered)
 u - a throwing net
 z - a curare-tipped dart
 F - 3 atropa-tipped darts
Armour
 c - a +0 buckler (worn)
 m - a +0 pair of boots (worn)
 x - a +0 plate armour of fire resistance (worn)
Jewellery
 f - a ring of protection from cold (left hand)
 r - an amulet of regeneration (around neck)
 t - a +6 ring of intelligence
 w - a ring of see invisible (right hand)
 H - a ring of fire
Wands
 q - a wand of paralysis (21)
 y - a wand of mindburst (11)
 A - a wand of flame (6)
 I - a wand of light (7)
Scrolls
 e - 5 scrolls of noise
 j - 6 scrolls of teleportation
 B - a scroll of fear
 C - a scroll of poison
 J - a scroll of identify
Potions
 b - a potion of heal wounds
 d - 3 potions of might
 g - 7 potions of curing
 h - 3 potions of cancellation
 i - 2 potions of brilliance
 l - 5 potions of attraction
 n - 4 potions of lignification
 o - 8 potions of haste
 p - 2 potions of mutation
 s - a potion of invisibility
 D - 2 potions of berserk rage
 E - a potion of magic
 G - a potion of ambrosia


   Skills:
 + Level 8.8(13.8) Fighting
 * Level 11.6(16.6) Axes
 + Level 6.1(11.1) Throwing
 + Level 8.8(13.8) Armour
 + Level 8.8(13.8) Shields
 + Level 4.8 Invocations


You had 10 spell levels left.
You didn't know any spells.
Your spell library contained the following spells:

 Spells                   Type           Power      Damage    Failure   Level
 Apportation              Tloc           0%         N/A       99%         1
 Kiss of Death            Conj/Necr      0%         2d5       99%         1
 Necrotise                Necr           0%         1d4       99%         1
 Shock                    Conj/Air       0%         1d3       99%         1
 Ensorcelled Hibernation  Hex/Ice        0%         N/A       100%        2
 Passwall                 Tmut/Erth      0%         N/A       100%        2
 Confusing Touch          Hex            0%         N/A       100%        3
 Dazzling Flash           Conj/Hex       0%         N/A       100%        3
 Ozocubu's Armour         Ice            0%         N/A       100%        3
 Portal Projectile        Hex/Tloc       0%         N/A       100%        3
 Swiftness                Air            0%         N/A       100%        3
 Airstrike                Air            0%         2d(0-16)  100%        4
 Dispel Undead            Necr           0%         3d6       100%        4
 Iskenderun's Mystic Bla  Conj/Tloc      0%         2d3       100%        4
 Leda's Liquefaction      Hex/Erth       0%         N/A       100%        4
 Metabolic Englaciation   Hex/Ice        0%         N/A       100%        5
 Starburst                Conj/Fire      0%         6d3       100%        6
 Storm Form               Tmut/Air       0%         N/A       100%        7
 Maxwell's Capacitive Co  Air            0%         ∞         100%        8
 Summon Small Mammal      Summ           Unusable   N/A       N/A         1
 Call Canine Familiar     Summ           Unusable   N/A       N/A         3
 Summon Lightning Spire   Summ/Air       Unusable   N/A       N/A         4
 Simulacrum               Ice/Necr       Unusable   N/A       N/A         6

Dungeon Overview and Level Annotations

Branches:
Dungeon (10/15)            Temple (1/1) D:6            Lair (0/5) D:9
Ossuary (visited)
    Orc: D:9-12

Altars:
Fedhas
Gozag
Makhleb
Nemelex Xobeh
Okawaru
Qazlal
Ru
Sif Muna
Uskayaw
Wu Jian
Xom
Yredelemnul
Zin

Shops:
D:3 *


Innate Abilities, Weirdness & Mutations

You have a pair of horns on your head.
You reflexively headbutt those who attack you in melee.


Message History

You block the polar bear's attack. The polar bear claws you.
You slash the polar bear!
The polar bear is almost dead.
You barely miss the polar bear. You slash the ice beast!
You kill the ice beast!
Okawaru accepts your kill. You block the polar bear's attack.
The polar bear claws you but does no damage. x2
You block the polar bear's attack.
The polar bear claws you but does no damage.
The polar bear closely misses you.
You closely miss the polar bear. Your headbutt misses the polar bear.
The polar bear is almost dead.
You hit the polar bear but do no damage.
The polar bear bites you.
The polar bear claws you but does no damage. x2
The polar bear bites you!
* * * LOW HITPOINT WARNING * * *
The polar bear claws you but does no damage. x2
You completely miss the polar bear. Your headbutt misses the polar bear.
The polar bear is almost dead.
You barely miss the polar bear. The polar bear completely misses you.
The polar bear barely misses you. The polar bear claws you.
* * * LOW HITPOINT WARNING * * *
The polar bear bites you but does no damage.
You block the polar bear's attack.
The polar bear claws you but does no damage.
You slash the polar bear!
You kill the polar bear!
Okawaru accepts your kill.
You hit the polar bear.
You have reached level 11!
The polar bear goes berserk!
You barely miss the polar bear.
The polar bear is severely wounded.
The polar bear bites you!
* * * LOW HITPOINT WARNING * * *
The polar bear claws you but does no damage.
The polar bear closely misses you. The polar bear bites you!
You die...

#....... .# ...#
#.≈≈§≈≈≈ .# ......
##....... ...##.#...
#..#####.
...#..#..########.###
##
>.....~...#.........#
.....~...#....)....#
#......#...##.####
#..†h@~#...##.#
#.#..†.........#
....[...#†.......#
..#....~.........#
.................#
...................
...#................
T##.##...###########
.. #...#


You could see a polar bear (berserk).

Vanquished Creatures
  Pikel (D:5)
  The ghost of sirJeffrey23 the Thaumaturge, a novice DECj of the Shining One (D:8)
  2 kobold demonologists (D:9)
  A rime drake (D:9)
  A polar bear (D:9)
  A troll (D:9)
  Prince Ribbit (D:8)
  A shadow (D:10)
  A wraith (D:9)
  A wyvern (D:9)
  A steam dragon (D:10)
  An unseen horror simulacrum (D:8)
  Menkaure (D:5)
  Duvessa (D:7)
  2 orc warriors
  9 ice beasts
  2 ogres
  2 wolves (D:9)
  3 centaurs
  A phantom (D:5)
  2 kobold brigands
  3 scorpions
  4 bullfrogs
  Dowan (D:7)
  28 killer bees
  A howler monkey (D:10)
  3 crimson imps (D:9)
  3 hounds
  A wyvern simulacrum (D:8)
  A centaur zombie (Ossuary)
  A human zombie (Ossuary)
  6 orc priests
  A gnoll bouda (D:6)
  7 orc wizards
  2 iguanas
  3 mummies (Ossuary)
  8 adders
  7 gnolls
  5 white imps
  A howler monkey simulacrum (D:8)
  3 ufetubi
  2 dart slugs (D:2)
  34 orcs
  6 endoplasms
  6 hobgoblins
  4 jackals (D:1)
  5 quokkas
  4 ball pythons
  2 bats
  8 frilled lizards
  8 goblins
  2 goblin zombies (Ossuary)
  A hobgoblin zombie (Ossuary)
  17 kobolds
  A kobold zombie (Ossuary)
  2 orc zombies (Ossuary)
  12 rats
239 creatures vanquished.

Notes
Turn   | Place    | Note
-------+----------+-------------------------------------------
     0 | D:1      | bmack86 the Minotaur Fighter began the quest for the Orb.
     0 | D:1      | Reached XP level 1. HP: 19/19 MP: 0/0
   433 | D:1      | Reached XP level 2. HP: 27/27 MP: 1/1
   553 | D:1      | Reached skill level 3 in Axes
  1063 | D:2      | Reached XP level 3. HP: 30/33 MP: 2/2
  1479 | D:2      | Reached XP level 4. HP: 40/40 MP: 3/3
  1563 | D:2      | Reached skill level 4 in Axes
  1851 | D:3      | Found an ornate altar of the Wu Jian Council.
  1998 | D:3      | Reached XP level 5. HP: 46/47 MP: 4/4
  2097 | D:3      | Found a glowing silver altar of Zin.
  2548 | D:3      | Found Woqiez's Assorted Antiques.
  2746 | D:4      | Identified the +1 leather armour of the Goldsmith {Fly
                  | rPois}
  2954 | D:4      | Found a blossoming altar of Fedhas.
  3285 | D:4      | Found a shimmering blue altar of Sif Muna.
  3477 | D:5      | Entered Level 5 of the Dungeon
  3522 | D:5      | Reached skill level 5 in Axes
  3539 | D:5      | Reached skill level 1 in Throwing
  3539 | D:5      | Reached XP level 6. HP: 51/55 MP: 5/5
  3632 | D:5      | Reached skill level 5 in Fighting
  3632 | D:5      | Reached skill level 5 in Armour
  3632 | D:5      | Reached skill level 5 in Shields
  3770 | D:5      | Noticed Pikel
  3787 | D:5      | Killed Pikel
  3788 | D:5      | Reached skill level 6 in Axes
  3788 | D:5      | Reached XP level 7. HP: 30/62 MP: 6/6
  4233 | D:5      | Noticed Menkaure
  4238 | D:5      | Killed Menkaure
  4239 | D:5      | Reached skill level 7 in Axes
  4239 | D:5      | Reached XP level 8. HP: 35/70 MP: 7/7
  4871 | D:6      | Reached skill level 8 in Axes
  4959 | D:6      | Found a staircase to the Ecumenical Temple.
  4984 | Temple   | Entered the Ecumenical Temple
  5031 | Temple   | Became a worshipper of Warmaster Okawaru
  5199 | D:6      | Found a sparkling altar of Nemelex Xobeh.
  5691 | D:7      | Reached skill level 1 in Invocations
  5694 | D:7      | Reached XP level 9. HP: 24/78 MP: 8/8
  5813 | D:7      | Reached * piety under Okawaru
  5864 | D:7      | Identified the +0 robe of Kyunwaer {*Corrode Drain Str+5
                  | SInv}
  5930 | D:7      | You fall into a shaft and drop 3 floors!
  5930 | D:10     | Entered Level 10 of the Dungeon
  5944 | D:10     | Reached skill level 9 in Axes
  5979 | D:9      | Noticed a kobold demonologist
  5979 | D:9      | Noticed a kobold demonologist
  5990 | D:10     | Reached ** piety under Okawaru
  6145 | D:9      | Noticed a red devil
  6154 | D:9      | Noticed a soul eater
  6156 | D:9      | Killed a kobold demonologist
  6157 | D:9      | Reached skill level 10 in Axes
  6157 | D:9      | Reached skill level 5 in Throwing
  6159 | D:9      | Killed a kobold demonologist
  6160 | D:9      | Reached XP level 10. HP: 59/88 MP: 9/11
  6250 | D:9      | Found a shimmering altar of Xom.
  6348 | D:9      | Reached *** piety under Okawaru
  6463 | D:8      | Found a runed translucent gate.
  6498 | D:8      | Found a runed translucent gate.
  6499 | D:8      | Found a runed translucent gate.
  6582 | D:8      | Noticed sirJeffrey23's ghost (novice DECj)
  6651 | D:8      | Found a stormy altar of Qazlal.
  6735 | D:8      | Found a sand-covered staircase.
  6763 | Ossuary  | Entered an ossuary
  7280 | D:8      | Noticed Prince Ribbit
  7299 | D:8      | Killed Prince Ribbit
  7332 | D:7      | Noticed Duvessa
  7338 | D:7      | Noticed Dowan
  7346 | D:7      | Killed Duvessa
  7356 | D:7      | Killed Dowan
  7395 | D:7      | Found a burning altar of Makhleb.
  7722 | D:7      | Found a basalt altar of Yredelemnul.
  8340 | D:8      | Killed sirJeffrey23's ghost
  8341 | D:8      | Reached skill level 11 in Axes
  8487 | D:9      | Found a sacrificial altar of Ru.
  8546 | D:9      | Found a staircase to the Lair.
  8559 | D:9      | Reached **** piety under Okawaru
  8570 | D:9      | Reached XP level 11. HP: 27/95 MP: 13/13
  8571 | D:9      | Slain by a polar bear

Illustrated notes

Levels and vault maps discovered:
D:1:      elethiomel_arrival_maze, layout_basic
D:2:      layout_basic
D:3:      layout_basic, mainiacjoe_overflow_paths, mainiacjoe_overflow_24_doors,
          serial_shops, nicolae_shop_behind_doors, corexii_shack
D:4:      layout_loops_ring, fedhas_altar_2, lemuel_blue_sif_altar
D:5:      layout_loops_ring, kennysheep_big_empty_room, uniq_pikel,
          uniq_menkaure
D:6:      layout_gridville, nemelex_spade_bored_becter,
          minmay_temple_entry_large_hall, hangedman_decor_opposing, minivault_11
D:7:      layout_cave_pods, mainiacjoe_overflow_brackets,
          general_overflow_altar, uniq_duvessa
D:8:      layout_cave_pods, amcnicky_altar_gilded, gammafunk_ghost_icy,
          enter_ossuary_1, dk_noncrumbling_2, serial_park_tiny_2,
          minmay_door_square, uniq_prince_ribbit1
D:9:      layout_stronghold, mainiacjoe_overflow_cross_hatched, led_xom_imps,
          hellmonk_lair_entry_icy, item_on_display_a
D:10:     layout_rooms, mainiacjoe_overflow_catwalk_spiral, david_orc_5,
          st_stairs_1
Temple:   dpeg_chambers_temple

Skill      XL: |  1  2  3  4  5  6  7  8  9 10 |
---------------+-------------------------------+-----
Axes           | 3 4 5 6 7 8 10 11 | 11.6
Fighting       | 4 5 6 7 8 |  8.8
Armour         | 4 5 6 7 8 |  8.8
Shields        | 4 5 6 7 8 |  8.8
Throwing       | 1 2 3 5 6 |  6.1
Invocations    | 1 3 4 |  4.8

Action                   |  1- 3 |  4- 6 |  7- 9 | 10-12 || total
-------------------------+-------+-------+-------+-------++-------
Melee: War axe           |    95 |   134 |    64 |       ||   293
       Headbutt          |     8 |    24 |    30 |    29 ||    91
       Broad axe         |       |       |   117 |   173 ||   290
Invok: Heroism           |       |       |     1 |     3 ||     4
  Use: Scroll            |     2 |     7 |     7 |     5 ||    21
       Potion            |       |       |     2 |     3 ||     5
Armor: Scale mail        |    39 |    32 |       |       ||    71
       Plate armour      |       |    54 |   266 |   166 ||   486
Dodge: Dodged            |    42 |    56 |   123 |    86 ||   307
Block: Buckler           |    22 |    41 |   111 |    88 ||   262

Table legend: (Time is in decaauts)
 A = Elapsed time spent in this place.
 B = Non-inter-level travel time spent in this place.
 C = Inter-level travel time spent in this place.
 D = Time resting spent in this place.
 E = Time spent auto-exploring this place.
 F = Levels seen in this place.
 G = Mean time per level.
                   A        B        C        D        E       F      G
               +--------+--------+--------+--------+--------+-----+--------+
         Total |   8702 |   8512 |    190 |    175 |   5461 |  12 |  725.2 |
       Dungeon |   8384 |   8194 |    190 |    175 |   5444 |  10 |  838.4 |
        Temple |     52 |     52 |      0 |      0 |     17 |   1 |   52.0 |
       Ossuary |    265 |    265 |      0 |      0 |      0 |   1 |  265.0 |
               +--------+--------+--------+--------+--------+-----+--------+

Top non-repeatable levels by time:
     D:5: 1155 daAuts
     D:8: 1078 daAuts
     D:6: 1007 daAuts
     D:1: 991 daAuts
     D:7: 956 daAuts
     D:3: 924 daAuts
     D:2: 849 daAuts
     D:4: 776 daAuts
     D:9: 426 daAuts
 Ossuary: 265 daAuts
    D:10: 217 daAuts
  Temple: 52 daAuts
